 Dungeon Crawl Stone Soup version 0.20-a0-927-g1ae2c61 (webtiles) character file.

310 Lifeless the Slasher (level 6, -5/53 HPs)
             Began as a Minotaur Fighter on Mar 28, 2017.
             Slain by an ogre
             ... wielding a +0 giant spiked club
              (14 damage)
             ... on level 4 of the Dungeon.
             The game lasted 00:12:31 (2631 turns).

Lifeless the Slasher (Minotaur Fighter)             Turns: 2631, Time: 00:12:31

Health: -5/53      AC:  9    Str: 20    XL:     6   Next: 18%
Magic:  5/5        EV:  8    Int:  5    God:
Gold:   118        SH: 10    Dex: 12    Spells: 5/5 levels left

rFire    . . .     SeeInvis .   a - +0 long sword
rCold    . . .     Gourm    .   c - +0 shield
rNeg     . . .     Faith    .   b - +0 scale mail
rPois    .         Spirit   .   n - +1 hat
rElec    .         Reflect  .   (no cloak)
rCorr    .         Harm     .   (no gloves)
MR       .....                  p - +0 pair of boots
Stlth    ..........             (no amulet)
Regen    0.2/turn               (no ring)
MPRegen  0.1/turn               (no ring)

@: no status effects
A: retaliatory headbutt, horns 2
a: no special abilities


You were on level 4 of the Dungeon.
You were hungry.

You visited 1 branch of the dungeon, and saw 4 of its levels.

You collected 118 gold pieces.

Inventory:

Hand Weapons
 a - a +0 long sword (weapon)
Armour
 b - a +0 scale mail (worn)
 c - a +0 shield (worn)
 n - a +1 hat (worn)
 p - a +0 pair of boots (worn)
Jewellery
 x - an uncursed ring of fire
Scrolls
 d - a scroll of remove curse {unknown}
 g - 4 scrolls of teleportation {unknown}
 m - 5 scrolls of identify {unknown}
 o - 3 scrolls of immolation {unknown}
 q - a scroll of recharging {unknown}
 r - a scroll of enchant armour {unknown}
 s - a scroll of fear {unknown}
 t - a scroll of noise {unknown}
 u - a scroll of fog {unknown}
Potions
 e - 2 potions of lignification {unknown}
 h - a potion of agility {unknown}
 j - 2 potions of flight {unknown}
 k - a potion of mutation {unknown}
 l - a potion of heal wounds {unknown}
 v - a potion of curing {unknown}
Comestibles
 f - 2 bread rations
 i - a fruit
 w - a meat ration
 z - a royal jelly


   Skills:
 + Level 4.4 Fighting
 + Level 5.7 Long Blades
 + Level 4.8 Armour
 + Level 0.7 Dodging
 + Level 4.8 Shields


You had 5 spell levels left.
You didn't know any spells.

Dungeon Overview and Level Annotations

Branches:
Dungeon (4/15)
 Temple: D:4-7

Altars:
Ashenzari
Cheibriados
Gozag
Qazlal
Xom


Innate Abilities, Weirdness & Mutations

You reflexively headbutt those who attack you in melee.
You have a pair of horns on your head.


Message History

You block the ogre's attack.
Your shield and scale mail prevent you from hitting the ogre.
The ogre is moderately wounded.
The ogre hits you with a giant spiked club!
You hit the ogre.
The ogre is moderately wounded.
The ogre hits you with a giant spiked club!!
You hit the ogre. You headbutt the ogre!
The ogre is severely wounded.
You block the ogre's attack.
You hit the ogre.
The ogre is almost dead.
The ogre hits you with a giant spiked club!
* * * LOW HITPOINT WARNING * * *
You are feeling hungry.
Found a stone staircase leading up.
Found a stone staircase leading down.
There is a stone staircase leading up here.
The ogre hits you with a giant spiked club!
You die...

.## ###.. ... #...#
#.###.#.#######
#........##...#
#..###..##...#
#######.#ยง#.......#
........###..##...#
.####.............#
..###.####....#O@.#
#.#...# ##.#.#.>.#
#.#.### #...#####
#.#.# ###..)####.#
#...## #...#)<....#
.....#####.#####..###
####..##...# ....#
##.##.### #.#.#
#.....# .# ..


You could see an ogre.

Vanquished Creatures
  The ghost of DEFE the Ducker, an amateur DEAK of Lugonu (D:3)
  An orc priest (D:4)
  7 gnolls (D:3)
  4 adders
  2 oozes
  2 worms (D:3)
  4 dart slugs
  3 leopard geckos
  9 orcs
  9 bats
  6 giant cockroaches
  5 hobgoblins
  12 kobolds
  3 frilled lizards
  5 goblins
  6 rats
79 creatures vanquished.

Notes
Turn   | Place    | Note
-------+----------+-------------------------------------------
     0 | D:1      | Lifeless the Minotaur Fighter began the quest for the Orb.
     0 | D:1      | Reached XP level 1. HP: 19/19 MP: 0/0
   129 | D:1      | Reached XP level 2. HP: 27/27 MP: 1/1
   638 | D:1      | Reached skill level 3 in Long Blades
   638 | D:1      | Reached XP level 3. HP: 33/33 MP: 2/2
  1295 | D:2      | Reached XP level 4. HP: 40/40 MP: 3/3
  1511 | D:3      | Noticed DEFE's ghost (amateur DEAK)
  1521 | D:3      | Killed DEFE's ghost
  1521 | D:3      | Reached skill level 4 in Long Blades
  1521 | D:3      | Reached XP level 5. HP: 33/46 MP: 4/4
  1720 | D:3      | Found a snail-covered altar of Cheibriados.
  1797 | D:3      | Reached skill level 5 in Long Blades
  2071 | D:3      | Found a stormy altar of Qazlal.
  2071 | D:3      | Found a shattered altar of Ashenzari.
  2072 | D:3      | Found an opulent altar of Gozag.
  2074 | D:3      | Found a shimmering altar of Xom.
  2349 | D:3      | Reached XP level 6. HP: 53/53 MP: 5/5
  2631 | D:4      | Slain by an ogre

Vault maps used:
D:1:      minmay_arrival_diagonal_passages, serial_bayou_lagoon_b
D:2:      first_bread, kennysheep_generic_room_5
D:3:      minitemple, cheibriados_altar_1, grunt_decor_fettered
D:4:      feat_on_display, uniq_sigmund

Skill      XL: |  1  2  3  4  5 |
---------------+----------------+-----
Shields        | 4 |  4.8
Long Blades    | 3 4 5 |  5.7
Fighting       | 4 |  4.4
Armour         | 4 |  4.8
Dodging        | |  0.7

Action                   |  1- 3 |  4- 6 || total
-------------------------+-------+-------++-------
Melee: Long sword        |    82 |   114 ||   196
       Headbutt          |    11 |    20 ||    31
  Use: Potion            |       |     1 ||     1
  Eat: Bread ration      |     1 |       ||     1
       Fruit             |       |     1 ||     1
Armor: Scale mail        |    35 |    41 ||    76
Dodge: Dodged            |    19 |    21 ||    40
Block: Shield            |    35 |    50 ||    85
       Rpst.: Long sword |     3 |     7 ||    10
